 Dungeon Crawl Stone Soup version 0.28.0-62-gf88900778d (webtiles) character file.

Game seed: 2399972942834698198

2 AarnesTheHuman the Gusty (level 1, 8/10 HPs)
             Began as a Tengu Air Elementalist on Mar 20, 2023.
             Got out of the dungeon alive.
             The game lasted 00:00:33 (156 turns).

AarnesTheHuman the Gusty (Tengu Air Elementalist)    Turns: 156, Time: 00:00:33

Health: 8/10       AC:  2    Str:  8    XL:     1   Next: 40%
Magic:  4/4        EV: 12    Int: 15    God:
Gold:   17         SH:  0    Dex: 14    Spells: 3/4 levels left

rFire   . . .      SeeInvis .   (no weapon)
rCold   . . .      Faith    .   (no shield)
rNeg    . . .      Spirit   .   a - +0 robe
rPois   .          Reflect  .   (helmet restricted)
rElec   .          Harm     .   (no cloak)
rCorr   .          Rampage  .   (no gloves)
Will    .....                   (boots unavailable)
Stlth   ++........              (no amulet)
HPRegen 0.03/turn               (no ring)
MPRegen 0.09/turn               (no ring)

@: no status effects
A: beak, talons 3
a: no special abilities


You escaped.
You visited 1 branch of the dungeon, and saw 1 of its levels.

You collected 17 gold pieces.

Inventory:

Armour
 a - a +0 robe (worn)
Scrolls
 c - a scroll of acquirement {unknown}
Potions
 b - a potion of heal wounds {unknown}


   Skills:
 + Level 0.2 Fighting
 - Level 2.1 Dodging
 - Level 2.0 Stealth
 + Level 2.0 Spellcasting
 - Level 1.3 Conjurations
 + Level 4.1 Air Magic


You had 3 spell levels left.
You knew the following spells:

 Your Spells              Type           Power      Damage    Failure   Level
a - Shock                 Conj/Air       36%        1d5       7%          1

Your spell library contained the following spells:

 Spells                   Type           Power      Damage    Failure   Level
 Static Discharge         Conj/Air       9%         N/A       11%         2
 Swiftness                Air            13%        N/A       12%         3
 Airstrike                Air            6%         N/A       38%         4


Dungeon Overview and Level Annotations

Branches:
Dungeon (1/15)

Altars:


Innate Abilities, Weirdness & Mutations

You have a beak for a mouth.
You have claws for feet.


Message History

You see here a +0 hand axe.
A rat comes into view.
Found a scroll labelled BIMAMA RASICLOCWOH.
A rat is nearby!
The rat barely misses you.
Casting: Shock (safe; 8% risk of failure)
Confirm with . or Enter, or press ? or * to list all spells.
Aiming: Shock (safe; 8% risk of failure)
Press: ? - help, Shift-Dir - straight line, f - rat
Aim: a rat (68% to hit)
The zap hits the rat.
You kill the rat!
You now have 17 gold pieces (gained 7).
c - a scroll labelled BIMAMA RASICLOCWOH A rat comes into view.
A rat is nearby!
The rat bites you.
Casting: Shock (safe; 8% risk of failure)
Confirm with . or Enter, or press ? or * to list all spells.
Aiming: Shock (safe; 8% risk of failure)
Press: ? - help, Shift-Dir - straight line, f - rat
Aim: a rat (68% to hit)
The zap misses the rat.
The rat bites you.
Casting: Shock (safe; 8% risk of failure)
Confirm with . or Enter, or press ? or * to list all spells.
Aiming: Shock (safe; 8% risk of failure)
Press: ? - help, Shift-Dir - straight line, f/p - rat
Aim: a rat (68% to hit)
The zap hits the rat.
You kill the rat!
You see here 16 sling bullets.
Found 2 scrolls labelled OHYANE SOXTONG.
There is a staircase leading out of the dungeon here.
Are you sure you want to leave the Dungeon?
This will make you lose the game!
Alright, then stay!
Casting: Shock (safe; 7% risk of failure)
Confirm with . or Enter, or press ? or * to list all spells.
You can't see any susceptible monsters within range! (Use Z to cast anyway.) Are you sure you want to leave the Dungeon?
This will make you lose the game!
You have escaped!

#.......P..P...
....♣.....P....
.........P♣......
♣..P.........♣P..
......P.P..PP...#
P.P.P.....P...P.#
................#
...P...@...P....#
................# #.##
....P.....P.♣...# #.#..#
...♣..P.P.......# #.#..#
....♣......♣....# #.#..#
#.....P...P..♣#.#.#.#..#
#.......PP.♣.##.#.#.#...
#.#...♣.....###.#.......
.......###......#.#.#.#.


There were no monsters in sight!

Vanquished Creatures
  A ball python (D:1)
  2 rats (D:1)
3 creatures vanquished.

Notes
Turn   | Place    | Note
-------+----------+-------------------------------------------
     0 | D:1      | AarnesTheHuman the Tengu Air Elementalist began the quest
                  | for the Orb.
     0 | D:1      | Reached XP level 1. HP: 10/10 MP: 4/4
   156 | D:$      | Got out of the dungeon alive.

Illustrated notes

Levels and vault maps discovered:
D:1:      wander_arrival_fairy_ring, layout_basic,
          hangedman_abyss_or_decor_lesser_grid, lexackson_kobold_supper

Action                   || total
-------------------------++-------
 Cast: Shock             ||     5
Dodge: Dodged            ||     5
